 Seeded DCSS version 0.28-a0-823-gb444dcf96d (webtiles) character file.

Game seed: 202111015 (custom seed)

865 a11behringer the Chopper (level 7, -1/57 HPs)
             Began as a Palentonga Berserker on Nov 9, 2021.
             Was a Priest of Trog.
             Succumbed to a killer bee's poison
             ... on level 4 of the Dungeon.
             The game lasted 00:14:26 (3864 turns).

a11behringer the Chopper (Palentonga Berserker)     Turns: 3864, Time: 00:14:27

Health: -1/57      AC: 11    Str: 27    XL:     7   Next: 72%
Magic:  7/7        EV:  7    Int:  7    God:    Trog [***...]
Gold:   242        SH:  0    Dex: 11    Spells: 6/6 levels left

rFire   . . .      SeeInvis +   a - +1 hand axe (venom)
rCold   . . .      Faith    .   (no shield)
rNeg    . . .      Spirit   .   c - +1 chain mail
rPois   .          Reflect  .   f - +1 helmet
rElec   .          Harm     .   (no cloak)
rCorr   .          Rampage  .   (no gloves)
Will    +....                   (no barding)
Stlth   ..........              (no amulet)
HPRegen 0.19/turn               k - +6 ring of strength
MPRegen 0.10/turn               t - ring of willpower

@: mighty, lethally poisoned (-1 -> -8), on berserk cooldown
A: large, rugged brown scales 3, see invisible, deformed body, roll 1, armoured
tail, reflexive curl
a: Rolling Charge, Renounce Religion, Berserk, Trog's Hand


You were on level 4 of the Dungeon.
You worshipped Trog.
Trog was most pleased with you.
You visited 1 branch of the dungeon, and saw 5 of its levels.
You also visited: Sewer.

You collected 242 gold pieces.

Inventory:

Hand Weapons
 a - a +1 hand axe of venom (weapon)
Armour
 b - a +0 animal skin
 c - a +1 chain mail (worn)
 f - a +1 helmet (worn)
 h - a +0 kite shield
Jewellery
 i - a ring of protection from fire
 k - a +6 ring of strength (left hand)
 p - a +6 ring of intelligence
 t - a ring of willpower (right hand)
Wands
 e - a wand of flame (12)
 m - a wand of iceblast (7)
Scrolls
 g - a scroll of identify
 o - 3 scrolls of fear
 q - 4 scrolls of magic mapping
Potions
 d - a potion of resistance
 j - a potion of berserk rage
 l - a potion of degeneration
 v - a potion of mutation {unknown}


   Skills:
 + Level 4.3 Fighting
 * Level 7.6 Axes
 + Level 3.5 Armour
 + Level 2.1 Dodging


You had 6 spell levels left.
You didn't know any spells.
Your spell library was empty.

Dungeon Overview and Level Annotations

Branches:
Dungeon (5/15)              Sewer (visited)
 Temple: D:4-7

Altars:


Innate Abilities, Weirdness & Mutations

You are completely covered in rugged brown scales. (AC +3, +7% HP)
You have supernaturally acute eyesight. (SInv)
Armour fits poorly on your strangely shaped body.
You can roll at nearby foes to attack.
You have a long armoured tail.
You curl defensively after being hit. (AC +7*)


Message History

You slash the vampire mosquito!
Your tail-slap misses the vampire mosquito.
The vampire mosquito is severely damaged.
The vampire mosquito bites you but does no damage.
The vampire mosquito bites you.
The vampire mosquito draws strength from your injuries!
The vampire mosquito barely misses you.
You closely miss the vampire mosquito.
The vampire mosquito is severely damaged.
The vampire mosquito bites you!
* * * LOW HITPOINT WARNING * * *
The vampire mosquito draws strength from your injuries!
The vampire mosquito bites you but does no damage.
You closely miss the vampire mosquito.
The vampire mosquito is heavily damaged.
The vampire mosquito bites you but does no damage. x3
You slash the vampire mosquito!
You destroy the vampire mosquito!
Trog accepts your kill.
m - a wand of iceblast (7)
You see here a hound corpse.
You feel yourself speed up.
A killer bee comes into view.
The killer bee buzzes angrily.
The killer bee closely misses you. The killer bee barely misses you.
The killer bee barely misses you.
There is a stone staircase leading up here.
You miss the killer bee.
The killer bee stings you but does no damage.
The killer bee stings you!
* * * LOW HITPOINT WARNING * * *
You barely miss the killer bee. The killer bee stings you.
* * * LOW HITPOINT WARNING * * *
You are lethally poisoned!
The killer bee poisons you! The killer bee completely misses you.
* * * LOW HITPOINT WARNING * * *
You feel sick.
The killer bee stings you but does no damage. x2
You climb upwards.
You die...

........#.#.#............# #.#
#####.###.#<.......############.#
#####.###.#.#.....#.........(....
....................###########.#
................#...# #......
....................# #.###.#
.............##.#..########†# #.#
..........................#.###.#
................@..##.........#.#
...............y...##.###.#.#.#.#
..................###.# #.#...#..
.............##...###.# #[#...#..
....(.........#.......# #.#.#.#.#
.............(..#.##### #.#.#.#.#
..............###.## #...#.#.#
.............####..##########.#.#
..............................#.#


You could see a killer bee.

Vanquished Creatures
  A vampire mosquito (D:5)
  Pargi (Sewer)
  2 ice beasts (D:5)
  A water moccasin zombie (D:5)
  A howler monkey (D:5)
  2 hounds (D:5)
  An orc priest (D:5)
  A centaur skeleton (D:5)
  Terence (D:2)
  A scorpion zombie (D:5)
  An orc wizard (D:5)
  A hound skeleton (D:5)
  Robin (D:2)
  3 adders
  A river rat (D:4)
  3 ufetubi
  2 adder skeletons (D:4)
  A worm (D:3)
  2 dart slugs
  3 orcs (D:5)
  2 endoplasms
  7 giant cockroaches
  15 goblins
  7 hobgoblins
  4 jackals (D:2)
  3 ball pythons
  12 bats
  8 frilled lizards
  7 kobolds
  4 rats
99 creatures vanquished.

Notes
Turn   | Place    | Note
-------+----------+-------------------------------------------
     0 | D:1      | a11behringer the Palentonga Berserker began the quest for
                  | the Orb.
     0 | D:1      | Reached XP level 1. HP: 19/19 MP: 1/1
   399 | D:1      | Reached XP level 2. HP: 21/25 MP: 2/2
   870 | D:1      | Found a faded altar of an unknown god.
   919 | D:2      | Noticed Robin
   928 | D:2      | Reached ** piety under Trog
   929 | D:2      | Reached XP level 3. HP: 27/31 MP: 3/3
   931 | D:2      | Killed Robin
  1213 | D:2      | Reached skill level 4 in Axes
  1479 | D:2      | Noticed Terence
  1493 | D:2      | Killed Terence
  1494 | D:2      | Reached XP level 4. HP: 21/37 MP: 4/4
  2637 | D:4      | Reached XP level 5. HP: 42/43 MP: 5/5
  2771 | D:4      | Found a glowing drain.
  2787 | Sewer    | Entered a sewer
  2908 | Sewer    | Noticed Pargi
  2923 | Sewer    | Killed Pargi
  2924 | Sewer    | Reached skill level 5 in Axes
  3086 | D:4      | Reached *** piety under Trog
  3695 | D:5      | Entered Level 5 of the Dungeon
  3738 | D:5      | Reached XP level 6. HP: 51/51 MP: 6/6
  3795 | D:5      | Reached skill level 6 in Axes
  3803 | D:5      | Noticed a vampire mosquito
  3818 | D:5      | Noticed an ice beast
  3820 | D:5      | Noticed an ice beast
  3824 | D:5      | Killed an ice beast
  3825 | D:5      | Gained mutation: You curl defensively after being hit. (AC
                  | +7*) [Palentonga growth]
  3825 | D:5      | Reached XP level 7. HP: 57/57 MP: 7/7
  3835 | D:5      | Reached skill level 7 in Axes
  3852 | D:5      | Killed a vampire mosquito
  3863 | D:5      | HP: 2/57 [poisoned by a killer bee]
  3864 | D:4      | Succumbed to a killer bee's poison

Illustrated notes

Levels and vault maps discovered:
D:1:      onia_arrival_mini_spirals, layout_loops_ring,
          chequers_ecumenical_altar_twisty, hangedman_decor_opposing, hex_tiny,
          hangedman_decor_points
D:2:      layout_rooms, chequers_serial_rivers_small_a, minmay_misc_feat_rugged,
          uniq_terence, uniq_robin
D:3:      layout_basic
D:4:      layout_basic, cheibrodos_sewer_entry_sluice, hangedman_decor_riveting
D:5:      layout_gridville, minmay_temple_entry_proselytizer,
          hangedman_decor_lopped, minmay_manual_monolith

Skill      XL: |  1  2  3  4  5  6  7 |
---------------+----------------------+-----
Axes           | 4 5 6 7 |  7.6
Armour         | 2 3 |  3.5
Dodging        | 2 |  2.1
Fighting       | 4 |  4.3

Action                   |  1- 3 |  4- 6 |  7- 9 || total
-------------------------+-------+-------+-------++-------
Melee: Hand axe          |    97 |   156 |    25 ||   278
       Tailslap          |    17 |    23 |     3 ||    43
Invok: Berserk           |     1 |     2 |       ||     3
       Trog's Hand       |       |     2 |       ||     2
  Use: Scroll            |     5 |    10 |       ||    15
       Potion            |       |       |     2 ||     2
Armor: Chain mail        |    87 |   143 |    45 ||   275
Dodge: Dodged            |    35 |    66 |    23 ||   124

Table legend: (Time is in decaauts)
 A = Elapsed time spent in this place.
 B = Non-inter-level travel time spent in this place.
 C = Inter-level travel time spent in this place.
 D = Time resting spent in this place.
 E = Time spent auto-exploring this place.
 F = Levels seen in this place.
 G = Mean time per level.
                   A        B        C        D        E       F      G
               +--------+--------+--------+--------+--------+-----+--------+
         Total |   3932 |   3343 |    589 |      0 |   2546 |   6 |  655.3 |
       Dungeon |   3737 |   3148 |    589 |      0 |   2477 |   5 |  747.4 |
         Sewer |    195 |    195 |      0 |      0 |     69 |   1 |  195.0 |
               +--------+--------+--------+--------+--------+-----+--------+

Top non-repeatable levels by time:
     D:1: 919 daAuts
     D:4: 908 daAuts
     D:3: 871 daAuts
     D:2: 862 daAuts
   Sewer: 195 daAuts
     D:5: 175 daAuts
